 Dungeon Crawl Stone Soup version 0.19-a0-1468-ge013c26 (webtiles) character file.

10698 dorian the Carver (level 11, -1/73 HPs)
             Began as a Demigod Skald on Sept 5, 2016.
             Slain by an ufetubus (3 damage)
             ... summoned by a kobold demonologist
             ... on level 11 of the Dungeon on Sept 7, 2016.
             The game lasted 00:47:54 (15373 turns).

dorian the Carver (Demigod Skald)                  Turns: 15373, Time: 00:47:55

Health: -1/73      AC: 15    Str: 15    XL:     11   Next: 17%
Magic:  13/26      EV: 18    Int: 16    God:
Gold:   105        SH:  0    Dex: 21    Spells: 4 memorised, 4 levels left

rFire  + . .     SeeInvis .     N - +4 scimitar (flame)
rCold  + . .     Gourm    .     M - +3 leather armour {rF+}
rNeg   . . .     Faith    .     (no shield)
rPois  .         Spirit   .     o - +1 helmet
rElec  .         Dismiss  .     G - +2 cloak {MR+}
rCorr  .         Reflect  .     F - -1 pair of gloves (curse)
MR     ++...     Harm     .     (no boots)
Stlth  ++........ Clarity  +    (no amulet)
                                E - ring of magical power
                                A - ring of protection from cold

@: infused
A: iridescent scales 1, rugged brown scales 1, clarity, frail 1, high mp 1
a: no special abilities


You were on level 11 of the Dungeon.
You were hungry.

You visited 1 branch of the dungeon, and saw 11 of its levels.

You collected 897 gold pieces.
You spent 792 gold pieces at shops.

Inventory:

Hand Weapons
 a - a +2 war axe of draining
 N - a +4 scimitar of flaming (weapon)
Missiles
 z - 10 curare-tipped needles
 D - 8 tomahawks (quivered)
Armour
 o - a +1 helmet (worn)
 F - a cursed -1 pair of gloves (worn)
 G - a +2 cloak of magic resistance (worn)
 M - a +3 leather armour of fire resistance (worn)
Jewellery
 e - an uncursed ring of stealth {unknown}
 l - an uncursed amulet of harm
 m - an uncursed ring of protection from magic {unknown}
 A - a ring of protection from cold (left hand)
 E - a ring of magical power (right hand)
Wands
 h - a wand of acid (10/15)
 P - a wand of random effects (26/48)
 Q - a wand of flame (20/48)
 T - a wand of heal wounds (5/9)
Scrolls
 b - a scroll of teleportation {unknown}
 i - 2 scrolls of recharging
 n - 4 scrolls of enchant armour
 p - 2 scrolls of magic mapping
 q - a scroll of torment {unknown}
 r - 3 scrolls of fog
 u - 3 scrolls of identify
 v - a scroll of noise
 x - a scroll of silence {unknown}
 y - a scroll of blinking {unknown}
 O - a scroll of amnesia {unknown}
 S - 2 scrolls of remove curse
Potions
 f - 2 potions of mutation
 g - a potion of cancellation
 j - 8 potions of curing
 k - 3 potions of brilliance
 s - a potion of might {unknown}
 H - 2 potions of degeneration {unknown}
 I - a potion of beneficial mutation {unknown}
 R - a potion of haste
Books
 c - a book of Battle

   Spells                             Type                      Level
   a - Infusion                       Charms                       1
   b - Shroud of Golubria             Charms/Translocation         2
   c - Song of Slaying                Charms                       2
   d - Spectral Weapon                Hexes/Charms                 3
   e - Regeneration                   Charms/Necromancy            3
 t - a book of Spatial Translocations

   Spells                             Type                      Level
   a - Apportation                    Translocation                1
   b - Blink                          Translocation                2
   c - Shroud of Golubria             Charms/Translocation         2
   d - Portal Projectile              Translocation                3
   e - Teleport Other                 Translocation                3
   f - Passage of Golubria            Translocation                4
 C - a book of Alchemy

   Spells                             Type                      Level
   a - Sublimation of Blood           Necromancy                   2
   b - Ignite Poison                  Fire/Transmutation/Poison    3
   c - Petrify                        Transmutation/Earth          4
   d - Alistair's Intoxication        Transmutation/Poison         5
   e - Irradiate                      Conjuration/Transmutation    5
Miscellaneous
 L - a disc of storms
Comestibles
 d - 12 bread rations
 w - 4 meat rations
 B - 5 fruits
 J - 5 mutagenic chunks of flesh
 K - 9 slices of pizza


   Skills:
 - Level 1.7 Fighting
 * Level 12.4 Long Blades
 + Level 4.7 Armour
 - Level 7.4 Dodging
 - Level 1.7 Spellcasting
 * Level 7.0 Charms


You had 4 spell levels left.
You knew the following spells:

 Your Spells              Type           Power        Failure   Level  Hunger
a - Infusion              Chrm           ###.         1%          1    ##.....
b - Shroud of Golubria    Chrm/Tloc      ##........   12%         2    ###....
c - Spectral Weapon       Hex/Chrm       ##......     21%         3    ####...
d - Regeneration          Chrm/Necr      ##........   21%         3    ####...


Dungeon Overview and Level Annotations

Branches:
Dungeon (11/15)            Temple (0/1) D:5            Lair (0/6) D:8
    Orc (0/2) D:11

Shops:
D:4 !   D:6 *}   D:7 [

Annotations:
D:4 Dowan


Innate Abilities, Weirdness & Mutations

You have an increased reservoir of magic. (+10% MP)
You are partially covered in iridescent scales. (AC +2)
You are partially covered in rugged brown scales. (AC +1, +3% HP)
You possess an exceptional clarity of mind.
You are frail. (-10% HP)


Message History

The sun demon is heavily wounded.
The sun demon hits you!!
You are engulfed in flames.
You resist.
You hit the sun demon!
The sun demon is severely wounded.
The ufetubus barely misses you.
You riposte.
You barely miss the ufetubus. The ufetubus completely misses you.
You closely miss the sun demon.
The sun demon is severely wounded.
The sun demon hits you.
You are engulfed in flames!
You resist.
* * * LOW HITPOINT WARNING * * *
The ufetubus hits you but does no damage. x2
You closely miss the sun demon.
The sun demon is severely wounded.
The sun demon hits you.
* * * LOW HITPOINT WARNING * * *
You are engulfed in flames!
You resist.
* * * LOW HITPOINT WARNING * * *
The ufetubus hits you but does no damage.
The ufetubus hits you.
You die...

#.########......#....
#........#......#....
+.........[.....#....
#........>......#....
#........#.....##....
#........#.....##....
#....................
#####'#####....######
#5@## #....#.....
#.$##35# #....#.....
#.. K.# #.####.....
### ##.. #.####.#...
..#+....#.#...
#.#....#.....
.#....+.....
#....#.....
#....#.....


You could see a sun demon, a kobold demonologist, a shadow imp and an ufetubus.

Vanquished Creatures
  Erica (D:10)
  3 hill giants (D:10)
  Psyche (D:10)
  2 komodo dragons
  3 two-headed ogres
  3 yaks
  A vampire (D:10)
  A hog (D:7)
  A wyvern (D:10)
  A human (D:7)
  A hippogriff (D:8)
  Grum (D:9)
  A water moccasin (D:5)
  4 orc warriors
  3 sky beasts
  3 wasps
  2 phantoms
  2 necrophages (D:8)
  10 ogres
  3 wolves (D:9)
  3 centaurs
  3 big kobolds (D:3)
  2 crocodiles (D:8)
  10 giant frogs
  3 scorpions
  12 killer bees
  4 howler monkeys
  A giant frog zombie (D:7)
  2 jellies (D:8)
  2 hounds
  Crazy Yiuf (D:7)
  7 orc priests
  12 orc wizards
  A centaur skeleton (D:9)
  A giant frog skeleton (D:7)
  Ijyb (D:3)
  3 iguanas
  9 worker ants
  A killer bee zombie (D:7)
  2 hound skeletons
  A hound zombie (D:8)
  2 worker ant zombies
  5 gnolls
  8 adders
  A shadow imp (D:7)
  3 oozes
  4 worms
  3 dart slugs
  5 giant geckos
  57 orcs
  4 giant cockroaches
  8 goblins
  12 hobgoblins
  13 jackals
  49 kobolds
  4 quokkas
  8 bats
  5 giant newts
  2 quokka skeletons
  8 rats
329 creatures vanquished.

Notes
Turn   | Place    | Note
-------+----------+-------------------------------------------
     0 | D:1      | dorian the Demigod Skald began the quest for the Orb.
     0 | D:1      | Reached XP level 1. HP: 17/17 MP: 5/5
   126 | D:1      | Reached skill level 1 in Dodging
   247 | D:1      | Reached skill level 2 in Long Blades
   328 | D:1      | Reached XP level 2. HP: 24/24 MP: 7/7
   818 | D:2      | Reached XP level 3. HP: 28/29 MP: 4/8
  1021 | D:2      | Reached skill level 3 in Long Blades
  2012 | D:2      | Reached XP level 4. HP: 36/36 MP: 9/9
  2099 | D:3      | Noticed Ijyb
  2106 | D:3      | Killed Ijyb
  2868 | D:3      | Reached skill level 4 in Long Blades
  2868 | D:3      | Reached XP level 5. HP: 41/41 MP: 10/10
  3252 | D:3      | Reached XP level 6. HP: 40/48 MP: 6/11
  3257 | D:3      | Reached skill level 5 in Long Blades
  4051 | D:4      | Learned a level 2 spell: Shroud of Golubria
  4066 | D:4      | Found Zekle's Distillery.
  4069 | D:4      | Bought a potion of haste for 140 gold pieces
  4069 | D:4      | Bought a potion of curing for 42 gold pieces
  4248 | D:4      | Bought a potion of heal wounds for 70 gold pieces
  4286 | D:4      | Found a blossoming altar of Fedhas.
  4373 | D:4      | Reached skill level 6 in Long Blades
  4373 | D:4      | Reached XP level 7. HP: 48/53 MP: 8/12
  4500 | D:5      | Entered Level 5 of the Dungeon
  4662 | D:4      | Noticed Dowan
  4995 | D:5      | Reached skill level 7 in Long Blades
  5185 | D:5      | Reached skill level 5 in Dodging
  5313 | D:5      | Found a staircase to the Ecumenical Temple.
  5400 | D:4      | Reached XP level 8. HP: 60/60 MP: 13/13
  5407 | D:4      | Gained mutation: You are frail. (-10% HP) [mutagenic meat]
  5410 | D:4      | Gained mutation: You are partially covered in rugged brown scales. (AC +1, +3% HP) [mutagenic meat]
  5416 | D:4      | Gained mutation: You possess an exceptional clarity of mind. [mutagenic meat]
  6202 | D:5      | Reached skill level 8 in Long Blades
  6827 | D:6      | Found Nurrukko's General Store.
  7033 | D:6      | Found Vuryut's Gadget Boutique.
  7223 | D:7      | Found Ujiev's Antique Armour Shop.
  7685 | D:7      | Reached skill level 9 in Long Blades
  8171 | D:7      | Reached XP level 9. HP: 52/62 MP: 14/14
  8306 | D:7      | Found a runed door.
  8511 | D:7      | Noticed Crazy Yiuf
  8525 | D:7      | Killed Crazy Yiuf
  8697 | D:8      | Reached skill level 10 in Long Blades
  8919 | D:8      | Upgraded the game from 0.19-a0-1442-g3b32ff5 to 0.19-a0-1468-ge013c26
  9285 | D:8      | Reached skill level 1 in Armour
  9934 | D:8      | Noticed an elephant
 10063 | D:8      | Found a staircase to the Lair.
 10202 | D:8      | Found a shattered altar of Ashenzari.
 10331 | D:8      | Noticed a death yak
 10377 | D:8      | HP: 2/62 [elephant (8)]
 11134 | D:7      | Reached skill level 11 in Long Blades
 11250 | D:9      | Reached XP level 10. HP: 61/67 MP: 15/15
 11343 | D:9      | Noticed Grum
 11357 | D:9      | Killed Grum
 12231 | D:9      | Reached skill level 5 in Charms
 12280 | D:10     | Entered Level 10 of the Dungeon
 12460 | D:10     | Learned a level 3 spell: Spectral Weapon
 12563 | D:10     | Noticed Erica
 12594 | D:10     | Noticed a hill giant
 12617 | D:10     | Killed a hill giant
 12908 | D:10     | Killed Erica
 13215 | D:9      | Reached skill level 12 in Long Blades
 13519 | D:10     | Noticed Psyche
 13539 | D:10     | Paralysed by something for 3 turns
 13546 | D:10     | Killed Psyche
 13788 | D:10     | Reached XP level 11. HP: 52/73 MP: 17/17
 13973 | D:10     | Noticed a hill giant
 13981 | D:10     | Killed a hill giant
 14145 | D:10     | Noticed a hill giant
 14156 | D:10     | Killed a hill giant
 14660 | D:6      | Bought a wand of heal wounds (5/9) for 540 gold pieces
 14811 | D:7      | Learned a level 3 spell: Regeneration
 15257 | D:11     | Gained mutation: You are partially covered in iridescent scales. (AC +2) [mutagenic meat]
 15331 | D:11     | Found a staircase to the Orcish Mines.
 15365 | D:11     | Noticed a sun demon
 15373 | D:11     | HP: 2/73 [sun demon[a kobold demonologist] (7)]
 15373 | D:11     | Slain by an ufetubus

Vault maps used:
D:1:      grunt_arrival_crossed_arrows
D:3:      minmay_goblin_kobold_castle, uniq_iyjb
D:4:      serial_shops, kennysheep_mini_moat, grunt_ministairs_14,
          fedhas_altar_3, uniq_duvessa
D:5:      lightli_ossuary_entry_decrepit_ruins, first_bread
D:6:      serial_glass, glass_columns_a, glass_columns_a, serial_shops,
          kennysheep_little_box, nicolae_shop_temple_entry_statues_fountains,
          grunt_decor_mini_mirrors
D:7:      serial_shops, shop, uniq_crazy_yiuf_cottage
D:8:      david_lair_generic, serial_glass, glass_columns_c, glass_columns_a,
          grunt_livestock, evilmike_ruin_ashenzari
D:9:      uniq_grum
D:10:     uniq_psyche, uniq_erica
D:11:     orc_0_dummy, minmay_the_grid_plus

Skill      XL: |  1  2  3  4  5  6  7  8  9 10 11 |
---------------+----------------------------------+-----
Dodging        | 1 2 3 4 5 6 7 |  7.4
Long Blades    | 2 3 4 6 7 9 11 12 | 12.4
Armour         | 2 4 |  4.7
Charms         | 3 6 7 |  7.0
Fighting       | |  1.7
Spellcasting   | |  1.7

Action                   |  1- 3 |  4- 6 |  7- 9 | 10-12 || total
-------------------------+-------+-------+-------+-------++-------
Melee: Falchion          |    94 |       |       |       ||    94
       Long sword        |    28 |    22 |   311 |   255 ||   616
       Dagger            |       |   251 |   380 |       ||   631
       Scimitar          |       |       |       |   185 ||   185
 Cast: Infusion          |     2 |     7 |    45 |    24 ||    78
       Shroud of Golubri |       |     2 |    39 |    23 ||    64
       Spectral Weapon   |       |       |       |     1 ||     1
  Use: Scroll            |       |     5 |     8 |     3 ||    16
       Potion            |       |       |     2 |     2 ||     4
 Stab: Sleeping          |     1 |     1 |     1 |       ||     3
       Distracted        |       |       |     1 |       ||     1
       Invisible         |       |       |       |     1 ||     1
  Eat: Chunk             |     2 |     6 |    24 |    14 ||    46
       Beef jerky        |     1 |       |       |     2 ||     3
       Meat ration       |       |     1 |       |       ||     1
       Bread ration      |       |       |     1 |       ||     1
Armor: Leather armour    |    24 |    38 |   101 |    93 ||   256
Dodge: Dodged            |    51 |   178 |   381 |   255 ||   865
